 Dungeon Crawl Stone Soup version 0.26.1-11-gd32895ea62 (webtiles) character file.

Game seed: 13001820512358702831

3606 Zeld the Cleaver (level 9, 0/74 HPs)
             Began as a Deep Dwarf Fighter on June 1, 2021.
             Was an Initiate of Makhleb.
             Slain by an orc warrior
             ... wielding a +2 long sword of flaming
              (9 damage)
             ... on level 8 of the Dungeon.
             The game lasted 00:12:33 (12029 turns).

Zeld the Cleaver (Deep Dwarf Fighter)              Turns: 12029, Time: 00:12:33

Health: 0/74       AC:  9    Str: 23    XL:     9   Next: 86%
Magic:  0/0        EV:  7    Int:  9    God:    Makhleb [......]
Gold:   58         SH:  9    Dex: 12    Spells: 8/8 levels left

rFire    . . .     SeeInvis .   a - +0 war axe
rCold    . . .     Faith    .   c - +0 kite shield
rNeg     . . .     Spirit   .   b - +0 scale mail
rPois    .         Reflect  .   m - +0 helmet
rElec    .         Harm     .   p - +0 cloak
rCorr    .         Rampage  .   (no gloves)
Will     +....                  (no boots)
Stlth    ..........             (no amulet)
HPRegen  0.00/turn              (no ring)
MPRegen  0.07/turn              (no ring)

@: non-regenerating
A: damage resistance, heal wounds, sense surroundings 2, no regeneration
a: Heal Wounds, Renounce Religion


You were on level 8 of the Dungeon.
You worshipped Makhleb.
Makhleb was noncommittal.
You visited 2 branches of the dungeon, and saw 10 of its levels.

You collected 574 gold pieces.
You spent 516 gold pieces at shops.

Inventory:

Hand Weapons
 a - a +0 war axe (weapon)
Missiles
 l - 31 poisoned darts (quivered)
 t - a boomerang of dispersal
 z - 11 boomerangs
 A - 5 silver boomerangs
Armour
 b - a +0 scale mail (worn)
 c - a +0 kite shield (worn)
 m - a +0 helmet (worn)
 p - a +0 cloak (worn)
Jewellery
 C - an uncursed ring of fire {unknown}
 F - an uncursed ring of see invisible {unknown}
Wands
 r - a wand of paralysis (13)
 u - a wand of polymorph (15)
 y - a wand of digging (5)
 B - a wand of iceblast (13)
 G - a wand of acid (3)
 I - a wand of flame (19)
Scrolls
 d - 4 scrolls of remove curse {unknown}
 e - 4 scrolls of teleportation {unknown}
 f - a scroll of enchant weapon {unknown}
 k - 2 scrolls of blinking {unknown}
 o - 6 scrolls of identify {unknown}
 v - a scroll of fog {unknown}
 w - 2 scrolls of fear {unknown}
 H - a scroll of acquirement {unknown}
Potions
 g - 5 potions of flight
 h - 3 potions of mutation {unknown}
 i - 11 potions of curing
 j - 2 potions of brilliance {unknown}
 n - 2 potions of attraction {unknown}
 q - 2 potions of heal wounds {unknown}
 s - 2 potions of degeneration {unknown}
 x - a potion of haste {unknown}
 J - 2 potions of cancellation


   Skills:
 - Level 2.6 Fighting
 * Level 14.8 Axes
 - Level 3.2 Armour
 - Level 3.2 Shields


You had 8 spell levels left.
You didn't know any spells.
Your spell library contained the following spells:

 Spells                   Type           Power        Failure   Level
 Apportation              Tloc           0%           99%         1
 Freeze                   Ice            0%           99%         1
 Pain                     Necr           0%           99%         1
 Shock                    Conj/Air       0%           99%         1
 Sting                    Tmut/Pois      0%           99%         1


Dungeon Overview and Level Annotations

Branches:
Dungeon (9/15)             Temple (1/1) D:7
   Lair: D:8-11         Orc: D:9-12

Altars:
Ashenzari
Dithmenos
Elyvilon
Gozag
Hepliaklqana
Makhleb
Nemelex Xobeh
Okawaru
Sif Muna
Trog
Uskayaw
Vehumet
Wu Jian
Xom
Yredelemnul
Zin
The Shining One
Lugonu

Shops:
D:6 !   D:8 =

Annotations:
D:8 1 runed translucent door, Grum; jlumianski's ghost, novice FeSu


Innate Abilities, Weirdness & Mutations

You are resistant to damage.
You can heal yourself by infusing magical energy.
You passively map the area around you.
You do not regenerate.


Message History

Aim: an orc priest, wielding a +0 short sword and wearing a +0 scale mail (25% to evade)
The bolt of acid hits the orc warrior!
The orc warrior is splashed with acid.
The acid corrodes the orc warrior!
The orc warrior is moderately wounded.
The bolt of acid hits the orc priest!
The orc priest is splashed with acid.
The acid corrodes the orc priest!
The orc priest is almost dead.
Unknown command.
Aiming: Corrosive Bolt
Press: ? - help, Shift-Dir - straight line, f/p - orc priest
Aim: an orc priest, wielding a +0 short sword and wearing a +0 scale mail (almost dead, covered in acid, 25% to evade)
The bolt of acid hits the orc warrior!
The orc warrior is splashed with acid.
The orc warrior seems to be corroded for longer.
The orc warrior is almost dead.
The bolt of acid hits the orc priest!
The orc priest is splashed with acid!
The orc priest seems to be corroded for longer.
You kill the orc priest!
Makhleb accepts your kill.
The orc warrior hits you with a +2 long sword of flaming!
You die...

.#...#### ,*
#. .##.## *
#.# #. ≈# .#
* , #.# #.
≈#*.#* #.#
#####. ..
..** , #.#
#..... ≈# #.
* * # * #.#
#.#### ≈# *
*, ,
#.#####.# #.#
# ≈### ,,,
#..).##.# #.#
# ....## *
#.o@.# #.#
.#.#.#
*####.# #<#
≈#.#.# * *
#.####### #.#
.#.#.# ,
#.......# #.#
.....# , *
#######.#
#.#### ≈#>###
,*
#.#####....
##.#
###.#.)W#..##
##.# *
#...#!?K+..##
##.##
#.###...#.##.


You could see an orc warrior (corroded).

Vanquished Creatures
  An ugly thing (D:7)
  Duvessa (D:6)
  2 black bears (D:7)
  2 sky beasts
  2 phantoms
  2 necrophages
  2 ogres
  2 centaurs (D:7)
  2 wolves (D:7)
  4 bullfrogs
  Dowan (D:6)
  10 killer bees
  2 howler monkeys
  2 electric eels (D:8)
  A bullfrog zombie (D:7)
  6 orc wizards
  2 centaur zombies
  4 orc priests
  3 hounds
  A jelly (D:8)
  A bullfrog skeleton (D:4)
  An iguana (D:8)
  Jessica (D:3)
  7 worker ants
  Robin (D:4)
  7 adders
  A shadow imp (D:8)
  A white imp (D:5)
  An ufetubus (D:5)
  An ooze (D:4)
  A worm (D:4)
  An adder skeleton (D:5)
  5 leopard geckos
  24 orcs
  6 giant cockroaches
  23 goblins
  11 hobgoblins
  14 jackals
  5 quokkas
  3 ball pythons
  8 bats
  3 frilled lizards
  7 kobolds
  A leopard gecko skeleton (D:6)
  A leopard gecko zombie (D:6)
  A quokka zombie (D:6)
  7 rats
195 creatures vanquished.

Vanquished Creatures (others)
  A quokka skeleton (D:8)
1 creature vanquished.

Grand Total: 196 creatures vanquished

Notes
Turn   | Place    | Note
-------+----------+-------------------------------------------
     0 | D:1      | Zeld the Deep Dwarf Fighter began the quest for the Orb.
     0 | D:1      | Reached XP level 1. HP: 20/20 MP: 1/1
   572 | D:1      | Reached skill level 3 in Axes
   572 | D:1      | Reached XP level 2. HP: 27/27 MP: 2/2
   784 | D:1      | Reached XP level 3. HP: 30/33 MP: 3/3
   929 | D:1      | Reached skill level 4 in Axes
  1390 | D:2      | Found a shadowy altar of Dithmenos.
  1439 | D:2      | Found an opulent altar of Gozag.
  2011 | D:3      | Reached XP level 4. HP: 33/40 MP: 4/4
  2047 | D:3      | You fall into a shaft and drop 1 floor!
  2048 | D:4      | Noticed a phantom
  2056 | D:4      | Reached skill level 5 in Axes
  2069 | D:4      | Reached XP level 5. HP: 24/46 MP: 5/5
  2085 | D:4      | Reached skill level 6 in Axes
  2139 | D:4      | Killed a phantom
  2175 | D:4      | Reached skill level 7 in Axes
  2180 | D:4      | Identified A Beginning Course on Sorcery
  2186 | D:4      | Reached XP level 6. HP: 50/55 MP: 5/5
  2252 | D:4      | Noticed Robin
  2258 | D:4      | Killed Robin
  3050 | D:3      | Noticed Jessica
  3053 | D:3      | Killed Jessica
  3054 | D:3      | Reached skill level 8 in Axes
  3066 | D:3      | Found an iron altar of Okawaru.
  3066 | D:3      | Found a bloodstained altar of Trog.
  3628 | D:5      | Entered Level 5 of the Dungeon
  3719 | D:5      | Reached XP level 7. HP: 61/61 MP: 5/5
  3730 | D:5      | Found an ornate altar of the Wu Jian Council.
  3731 | D:5      | Found a shimmering altar of Xom.
  3800 | D:5      | Reached skill level 9 in Axes
  3920 | D:5      | Found a hazy altar of Hepliaklqana.
  4305 | D:6      | Reached skill level 10 in Axes
  4438 | D:6      | Reached XP level 8. HP: 54/68 MP: 5/5
  4449 | D:6      | Found Yploogek's Distillery.
  4466 | D:6      | Bought a potion of ambrosia for 96 gold pieces
  4466 | D:6      | Bought a potion of curing for 36 gold pieces
  4466 | D:6      | Bought a potion of might for 48 gold pieces
  4466 | D:6      | Bought 2 potions of flight for 72 gold pieces
  4466 | D:6      | Bought a potion of curing for 36 gold pieces
  4466 | D:6      | Bought a potion of flight for 36 gold pieces
  4472 | D:6      | Noticed Dowan
  4662 | D:6      | Noticed Duvessa
  4669 | D:6      | Killed Duvessa
  4670 | D:6      | Reached skill level 11 in Axes
  4682 | D:6      | Killed Dowan
  5754 | D:7      | Reached skill level 12 in Axes
  5757 | D:7      | Found a white marble altar of Elyvilon.
  5859 | D:7      | Gained mutation: You passively map the area around you.
                  | [Deep Dwarf growth]
  5859 | D:7      | Reached XP level 9. HP: 59/74 MP: 4/4
  5905 | D:7      | Found a staircase to the Ecumenical Temple.
  5926 | Temple   | Entered the Ecumenical Temple
  5941 | Temple   | Became a worshipper of Makhleb the Destroyer
  6115 | D:7      | Reached skill level 13 in Axes
  6706 | D:6      | Bought 2 potions of cancellation for 192 gold pieces
  6721 | D:8      | Noticed a cyan ugly thing
  6743 | D:7      | Killed a cyan ugly thing
  8131 | D:8      | Reached skill level 14 in Axes
  8761 | D:8      | Found a glowing golden altar of the Shining One.
  8767 | D:8      | Found a basalt altar of Yredelemnul.
  8775 | D:8      | Noticed a profane servitor
  9001 | D:8      | Noticed Grum
 10306 | D:8      | Found a runed translucent door.
 10306 | D:8      | Noticed jlumianski's ghost (novice FeSu)
 10734 | D:8      | Noticed an angel
 11338 | D:9      | Noticed an eight-headed hydra
 11365 | D:8      | Found Watodeixeru's Jewellery Boutique.
 12029 | D:8      | Slain by an orc warrior

Illustrated notes

Levels and vault maps discovered:
D:1:      dpeg_arrival_three_smaller_balls, layout_basic, roderic_st_hans_cross,
          minmay_pentomino_v4
D:2:      layout_basic, nicolae_gozag_cash_rules_everything_around_me,
          nicolae_overflow_crystal_walls, serial_bayou_crossing
D:3:      layout_basic, gammafunk_temple_overflow_statue, minmay_pentomino_pile,
          uniq_jessica
D:4:      layout_loops_cross, minivault_27, uniq_robin
D:5:      layout_cave_pools, minitemple, kennysheep_little_box
D:6:      layout_rooms, serial_shops, nicolae_shop_crystal, uniq_duvessa
D:7:      layout_rooms, elyvilon_altar_5, minmay_temple_entry_water_ring
D:8:      layout_loops_ring, grunt_temple_overflow_holy_war,
          chequers_temple_overflow_minitemple, ebering_ghost_inner_flame,
          serial_shops, shop, minmay_misc_feat_chi, kennysheep_boxes, uniq_grum
D:9:      layout_stronghold, serial_shops, nicolae_shop_overgrown_old_shop,
          uniq_joseph, uniq_psyche
Temple:   corrupted_temple

Skill      XL: |  1  2  3  4  5  6  7  8  9 |
---------------+----------------------------+-----
Axes           | 3 4 5 7 8 10 12 14 | 14.8
Fighting       | |  2.6
Armour         | |  3.2
Shields        | |  3.2

Action                   |  1- 3 |  4- 6 |  7- 9 || total
-------------------------+-------+-------+-------++-------
Melee: War axe           |   103 |   167 |   381 ||   651
 Abil: Heal Wounds       |       |     5 |    26 ||    31
Evoke: Wand              |       |       |    10 ||    10
  Use: Potion            |       |     1 |     2 ||     3
Armor: Scale mail        |    51 |    54 |   188 ||   293
Dodge: Dodged            |    28 |    34 |   128 ||   190
Block: Kite shield       |    56 |    87 |   235 ||   378
